Map: Recife Abissal LE

Players

victorhugovh

  • Race: Terran Terran
  • League: Platinum
  • Spawn Location: 11:00

Lowerkutie

  • Race: Zerg Zerg
  • Spawn Location: 5:00

VOD

Have the link to the VOD?

Description

Time

  • Played on: May 20, 2017, 8:56 p.m.
  • Length: 18:44
Show
View Real Time Build Order
Export as new Build Order

victorhugovh Terran 

Build Orders: MMM Bio, Banshee Rush 

Get SALT Encoding   

  12  0:01  Zerg Missile Weapons Level 3, Terran Infantry Weapons Level 3, Protoss Shields Level 3, Terran Ship Armor Level 3, Terran Vehicle Armor Level 3, Protoss Air Armor Level 3, Zerg Flyer Armor Level 3, Zerg Ground Armor Level 3, Terran Infantry Armor Level 3, Zerg Flyer Weapons Level 3, Terran Ship Weapons Level 3, Terran Vehicle Weapons Level 3, Protoss Ground Weapons Level 3, Protoss Ground Armor Level 3, Protoss Air Weapons Level 3, Zerg Melee Weapons Level 3  
    0:22  Zerg Ground Armor Level 2, Terran Ship Weapons Level 2, Protoss Shields Level 2, Terran Infantry Weapons Level 2, Terran Vehicle Armor Level 2, Protoss Air Weapons Level 2, Zerg Melee Weapons Level 2, Terran Vehicle Weapons Level 2, Protoss Ground Armor Level 2, Zerg Flyer Weapons Level 2, Protoss Ground Weapons Level 2, Terran Infantry Armor Level 2, Zerg Flyer Armor Level 2, Protoss Air Armor Level 2, Zerg Missile Weapons Level 2, Terran Ship Armor Level 2  
    0:37  Blink, Stimpack  
    0:44  Warp Gate, Protoss Air Armor Level 1, Terran Infantry Armor Level 1, Terran Vehicle Armor Level 1, Zerg Flyer Weapons Level 1, Terran Infantry Weapons Level 1, Zerg Melee Weapons Level 1, Terran Vehicle Weapons Level 1, Zerg Flyer Armor Level 1, Zerg Ground Armor Level 1, Protoss Shields Level 1, Zerg Missile Weapons Level 1, Protoss Ground Armor Level 1, Terran Ship Weapons Level 1, Protoss Air Weapons Level 1, Protoss Ground Weapons Level 1, Terran Ship Armor Level 1  
    0:58  Charge, Building Armor, Extended Thermal Lance, Resonating Glaives  
    1:05  Ventral Sacs, Adrenal Glands  
    1:11  Enduring Locusts  
    1:12  Personal Cloaking  
    1:18  Psionic Storm  
    1:19  Glial Reconstitution, Metabolic Boost, Neural Parasite, Infernal Pre-Igniter, Chitinous Plating, Centrifical Hooks, Corvid Reactor, Neosteel Frame, Durable Materials, Cloaking Field, Combat Shields, Tunneling Claws  
    1:20  Zerg Missile Weapons Level 3, Terran Infantry Weapons Level 3, Protoss Shields Level 3, Terran Ship Armor Level 3, Terran Vehicle Armor Level 3, Protoss Air Armor Level 3, Zerg Flyer Armor Level 3, Zerg Ground Armor Level 3, Terran Infantry Armor Level 3, Zerg Flyer Weapons Level 3, Terran Ship Weapons Level 3, Terran Vehicle Weapons Level 3, Protoss Ground Weapons Level 3, Protoss Ground Armor Level 3, Protoss Air Weapons Level 3, Zerg Melee Weapons Level 3  
    1:27  Muscular Augments x2, Burrow  
    1:41  Hi-Sec Auto Tracking, Pathogen Glands, Graviton Catapult, Terran Infantry Weapons Level 2, Protoss Air Weapons Level 2, Terran Vehicle Weapons Level 2, Protoss Ground Armor Level 2, Moebius Reactor, Protoss Ground Weapons Level 2, Terran Infantry Armor Level 2, Terran Ship Armor Level 2, Zerg Ground Armor Level 2, Terran Ship Weapons Level 2, Protoss Shields Level 2, Terran Vehicle Armor Level 2, Caduceus Reactor, Zerg Melee Weapons Level 2, Gravitic Drive, Zerg Flyer Weapons Level 2, Zerg Flyer Armor Level 2, Protoss Air Armor Level 2, Zerg Missile Weapons Level 2, Behemoth Reactor, Observer Gravitic Boosters  
    1:49  Zerg Missile Weapons Level 3, Terran Infantry Weapons Level 3, Protoss Shields Level 3, Terran Ship Armor Level 3, Terran Vehicle Armor Level 3, Protoss Air Armor Level 3, Zerg Flyer Armor Level 3, Zerg Ground Armor Level 3, Terran Infantry Armor Level 3, Zerg Flyer Weapons Level 3, Terran Ship Weapons Level 3, Terran Vehicle Weapons Level 3, Protoss Ground Weapons Level 3, Protoss Ground Armor Level 3, Protoss Air Weapons Level 3, Zerg Melee Weapons Level 3  
    1:55  Concussive Shells, Pneumatized Carapace, Weapon Refit  
    1:56  Blink, Stimpack  
    2:03  Warp Gate, Protoss Air Armor Level 1, Terran Infantry Armor Level 1, Terran Vehicle Armor Level 1, Zerg Flyer Weapons Level 1, Terran Infantry Weapons Level 1, Zerg Melee Weapons Level 1, Terran Vehicle Weapons Level 1, Zerg Flyer Armor Level 1, Zerg Ground Armor Level 1, Protoss Shields Level 1, Zerg Missile Weapons Level 1, Protoss Ground Armor Level 1, Terran Ship Weapons Level 1, Protoss Air Weapons Level 1, Protoss Ground Weapons Level 1, Terran Ship Armor Level 1  
    2:10  Zerg Ground Armor Level 2, Terran Ship Weapons Level 2, Protoss Shields Level 2, Terran Infantry Weapons Level 2, Terran Vehicle Armor Level 2, Protoss Air Weapons Level 2, Zerg Melee Weapons Level 2, Terran Vehicle Weapons Level 2, Protoss Ground Armor Level 2, Zerg Flyer Weapons Level 2, Protoss Ground Weapons Level 2, Terran Infantry Armor Level 2, Zerg Flyer Armor Level 2, Protoss Air Armor Level 2, Zerg Missile Weapons Level 2, Terran Ship Armor Level 2  
    2:17  Charge, Building Armor, Extended Thermal Lance, Resonating Glaives  
    2:24  Ventral Sacs, Adrenal Glands  
    2:25  Blink, Stimpack  
    2:30  Enduring Locusts  
    2:31  Personal Cloaking  
    2:32  Warp Gate, Protoss Air Armor Level 1, Terran Infantry Armor Level 1, Terran Vehicle Armor Level 1, Zerg Flyer Weapons Level 1, Terran Infantry Weapons Level 1, Zerg Melee Weapons Level 1, Terran Vehicle Weapons Level 1, Zerg Flyer Armor Level 1, Zerg Ground Armor Level 1, Protoss Shields Level 1, Zerg Missile Weapons Level 1, Protoss Ground Armor Level 1, Terran Ship Weapons Level 1, Protoss Air Weapons Level 1, Protoss Ground Weapons Level 1, Terran Ship Armor Level 1  
    2:37  Psionic Storm  
    2:38  Glial Reconstitution, Metabolic Boost, Neural Parasite, Infernal Pre-Igniter, Tunneling Claws, Chitinous Plating, Centrifical Hooks, Unknown x5, Neosteel Frame, Durable Materials, Cloaking Field, Combat Shields, Corvid Reactor  
    2:46  Muscular Augments x2, Burrow, Charge, Building Armor, Extended Thermal Lance, Resonating Glaives  
    2:53  Ventral Sacs, Adrenal Glands  
    2:59  Enduring Locusts  
    3:00  Hi-Sec Auto Tracking, Gravitic Drive, Graviton Catapult, Personal Cloaking, Moebius Reactor, Caduceus Reactor, Behemoth Reactor, Pathogen Glands, Observer Gravitic Boosters  
    3:06  Psionic Storm  
    3:07  Glial Reconstitution, Metabolic Boost, Neural Parasite, Infernal Pre-Igniter, Chitinous Plating, Centrifical Hooks, Corvid Reactor, Neosteel Frame, Durable Materials, Cloaking Field, Combat Shields, Tunneling Claws  
    3:12  Zerg Missile Weapons Level 3, Terran Infantry Weapons Level 3, Protoss Shields Level 3, Terran Ship Armor Level 3, Terran Vehicle Armor Level 3, Protoss Air Armor Level 3, Zerg Flyer Armor Level 3, Zerg Ground Armor Level 3, Terran Infantry Armor Level 3, Zerg Flyer Weapons Level 3, Terran Ship Weapons Level 3, Terran Vehicle Weapons Level 3, Protoss Ground Weapons Level 3, Protoss Ground Armor Level 3, Protoss Air Weapons Level 3, Zerg Melee Weapons Level 3  
    3:14  Concussive Shells, Pneumatized Carapace, Weapon Refit  
    3:15  Muscular Augments x2, Burrow  
    3:29  Hi-Sec Auto Tracking, Gravitic Drive, Graviton Catapult, Moebius Reactor, Caduceus Reactor, Behemoth Reactor, Pathogen Glands, Observer Gravitic Boosters  
    3:33  Zerg Ground Armor Level 2, Terran Ship Weapons Level 2, Protoss Shields Level 2, Terran Infantry Weapons Level 2, Terran Vehicle Armor Level 2, Protoss Air Weapons Level 2, Zerg Melee Weapons Level 2, Terran Vehicle Weapons Level 2, Protoss Ground Armor Level 2, Zerg Flyer Weapons Level 2, Protoss Ground Weapons Level 2, Terran Infantry Armor Level 2, Zerg Flyer Armor Level 2, Protoss Air Armor Level 2, Zerg Missile Weapons Level 2, Terran Ship Armor Level 2  
    3:43  Concussive Shells, Pneumatized Carapace, Weapon Refit  
    3:48  Blink, Stimpack  
    3:55  Warp Gate, Protoss Air Armor Level 1, Terran Infantry Armor Level 1, Terran Vehicle Armor Level 1, Zerg Flyer Weapons Level 1, Terran Infantry Weapons Level 1, Zerg Melee Weapons Level 1, Terran Vehicle Weapons Level 1, Zerg Flyer Armor Level 1, Zerg Ground Armor Level 1, Protoss Shields Level 1, Zerg Missile Weapons Level 1, Protoss Ground Armor Level 1, Terran Ship Weapons Level 1, Protoss Air Weapons Level 1, Protoss Ground Weapons Level 1, Terran Ship Armor Level 1  
    3:57  Unknown x5  
    4:09  Charge, Building Armor, Extended Thermal Lance, Resonating Glaives  
    4:16  Ventral Sacs, Adrenal Glands  
    4:22  Enduring Locusts  
    4:23  Personal Cloaking  
    4:26  Unknown x5  
    4:29  Psionic Storm  
    4:30  Glial Reconstitution, Metabolic Boost, Neural Parasite, Infernal Pre-Igniter, Chitinous Plating, Centrifical Hooks, Corvid Reactor, Neosteel Frame, Durable Materials, Cloaking Field, Combat Shields, Tunneling Claws  
    4:38  Muscular Augments x2, Burrow  
    4:40  SCV x12  
    4:52  Hi-Sec Auto Tracking, Gravitic Drive, Pathogen Glands, Graviton Catapult, Moebius Reactor, Caduceus Reactor, Behemoth Reactor, Unknown, Observer Gravitic Boosters  
  12  4:54  SCV  
  13  5:06  Weapon Refit, Pneumatized Carapace, Concussive Shells, SCV  
  14  5:10  Supply Depot  
  14  5:19  SCV  
  15  5:31  SCV  
  15  5:33  Refinery  
  16  5:38  Barracks  
  16  5:41  Orbital Command  
  16  5:49  Unknown x5  
  16  5:54  SCV x12  
    6:07  SCV  
  13  6:15  Zerg Missile Weapons Level 3, Terran Infantry Weapons Level 3, Protoss Shields Level 3, Terran Ship Armor Level 3, Terran Vehicle Armor Level 3, Protoss Air Armor Level 3, Zerg Flyer Armor Level 3, Zerg Ground Armor Level 3, Terran Infantry Armor Level 3, Zerg Flyer Weapons Level 3, Terran Ship Weapons Level 3, Terran Vehicle Weapons Level 3, Protoss Ground Weapons Level 3, Protoss Ground Armor Level 3, Protoss Air Weapons Level 3, Zerg Melee Weapons Level 3  
  13  6:19  SCV  
  13  6:23  Supply Depot  
  14  6:31  SCV  
  15  6:34  Refinery  
  15  6:36  Zerg Ground Armor Level 2, Terran Ship Weapons Level 2, Protoss Shields Level 2, Terran Infantry Weapons Level 2, Terran Vehicle Armor Level 2, Protoss Air Weapons Level 2, Zerg Melee Weapons Level 2, Terran Vehicle Weapons Level 2, Protoss Ground Armor Level 2, Zerg Flyer Weapons Level 2, Protoss Ground Weapons Level 2, Terran Infantry Armor Level 2, Zerg Flyer Armor Level 2, Protoss Air Armor Level 2, Zerg Missile Weapons Level 2, Terran Ship Armor Level 2  
  15  6:45  SCV  
  16  6:51  Blink, Stimpack  
  16  6:52  Barracks  
  16  6:57  SCV  
  16  6:58  Warp Gate, Protoss Air Armor Level 1, Terran Infantry Armor Level 1, Terran Vehicle Armor Level 1, Zerg Flyer Weapons Level 1, Terran Infantry Weapons Level 1, Zerg Melee Weapons Level 1, Terran Vehicle Weapons Level 1, Zerg Flyer Armor Level 1, Zerg Ground Armor Level 1, Protoss Shields Level 1, Zerg Missile Weapons Level 1, Protoss Ground Armor Level 1, Terran Ship Weapons Level 1, Protoss Air Weapons Level 1, Protoss Ground Weapons Level 1, Terran Ship Armor Level 1  
  17  7:09  SCV  
  17  7:12  Charge, Building Armor, Extended Thermal Lance, Resonating Glaives  
  18  7:19  Ventral Sacs, Adrenal Glands  
  18  7:21  SCV  
  19  7:25  Enduring Locusts  
  19  7:26  Personal Cloaking  
  19  7:32  Psionic Storm  
  19  7:33  Glial Reconstitution, Metabolic Boost, Neural Parasite, Infernal Pre-Igniter, Chitinous Plating, Centrifical Hooks, Corvid Reactor, Neosteel Frame, Durable Materials, Cloaking Field, Combat Shields, Tunneling Claws, SCV  
  20  7:41  Muscular Augments x2, Burrow, Command Center  
  20  7:43  Reaper  
  21  7:54  Orbital Command  
  21  7:55  Hi-Sec Auto Tracking, Gravitic Drive, Graviton Catapult, Moebius Reactor, Caduceus Reactor, Behemoth Reactor, Pathogen Glands, Observer Gravitic Boosters  
  21  8:06  Factory  
  21  8:09  Concussive Shells, Pneumatized Carapace, Weapon Refit  
  21  8:20  SCV  
  21  8:22  Barracks Reactor  
  21  8:26  Refinery  
  21  8:32  SCV  
  22  8:52  Unknown x5  
  22  8:54  Orbital Command  
    9:07  SCV x12  
    9:22  SCV  
  13  9:34  SCV  
  14  9:38  Supply Depot  
  14  9:46  SCV  
  14  9:48  Refinery  
  15  10:00  SCV  
  15  10:05  Barracks  
  16  10:12  SCV  
  17  10:24  SCV  
  18  10:36  SCV  
  19  10:48  SCV  
  20  10:52  Reaper  
  21  10:58  Command Center  
  21  11:10  Orbital Command  
  21  11:21  Factory  
  21  11:36  Barracks Reactor, SCV  
  21  11:38  Refinery  
  22  11:48  SCV  
  23  12:06  Starport  
  23  12:10  SCV  
  24  12:22  SCV  
  25  12:26  Barracks Tech Lab  
  25  12:27  Hellion x2  
  29  12:34  SCV  
  30  12:43  Orbital Command  
  30  12:46  SCV  
  30  12:51  Hellion x2  
  35  12:53  Supply Depot  
  35  12:58  Banshee  
  35  13:00  Cloaking Field  
  38  13:15  SCV  
  39  13:20  SCV  
  39  13:21  Hellion x2  
  39  13:26  Factory  
  39  13:27  SCV  
  45  13:32  SCV  
  45  13:33  Refinery  
  46  13:44  Barracks Tech Lab  
  46  13:53  Supply Depot  
  52  13:55  SCV x2  
  52  13:56  Hellion x2  
  52  14:07  SCV  
  52  14:09  SCV  
  54  14:19  Hellion, Factory, SCV  
  54  14:21  Siege Tank  
  60  14:28  SCV  
  61  14:32  SCV  
  61  14:34  Factory  
  61  14:37  Starport Reactor  
  62  14:40  Refinery  
  62  14:41  Supply Depot  
  62  14:45  SCV x2  
  64  14:52  Hellion  
  66  14:53  Hellion  
  66  14:57  SCV x2  
  70  15:06  Factory Tech Lab  
  70  15:09  Barracks Reactor, SCV x2  
  70  15:12  Factory  
  72  15:15  Siege Tank  
  77  15:21  SCV x2  
  77  15:24  Supply Depot  
  77  15:33  SCV  
  78  15:45  Armory  
  78  15:46  Siege Tank x2, SCV x2  
  86  15:54  Supply Depot  
  86  16:09  Command Center  
  86  16:16  Siege Tank, SCV x2  
  86  16:17  Supply Depot  
  91  16:22  Supply Depot  
  91  16:28  SCV x2  
  93  16:39  Hellion x2  
  97  16:40  Factory Reactor, SCV x2  
  97  16:43  Siege Tank  
  97  16:44  Siege Tank  
  97  16:45  Infernal Pre-Igniter  
  105  16:54  Siege Tank  
  108  17:04  Engineering Bay  
  108  17:12  SCV x2  
  110  17:20  Thor  
  116  17:24  SCV x2  
  116  17:25  Siege Tank  
  116  17:26  Hellion x2  
  125  17:35  Refinery  
  125  17:38  Missile Turret  
  125  17:51  Refinery  
  125  18:05  Planetary Fortress  
Show
View Real Time Build Order
Export as new Build Order

Lowerkutie Zerg 

Build Orders: Pool First 

Get SALT Encoding   

  12  0:01  Zerg Missile Weapons Level 3, Terran Infantry Weapons Level 3, Protoss Shields Level 3, Terran Ship Armor Level 3, Terran Vehicle Armor Level 3, Protoss Air Armor Level 3, Zerg Flyer Armor Level 3, Zerg Ground Armor Level 3, Terran Infantry Armor Level 3, Zerg Flyer Weapons Level 3, Terran Ship Weapons Level 3, Terran Vehicle Weapons Level 3, Protoss Ground Weapons Level 3, Protoss Ground Armor Level 3, Protoss Air Weapons Level 3, Zerg Melee Weapons Level 3  
    0:22  Zerg Ground Armor Level 2, Terran Ship Weapons Level 2, Protoss Shields Level 2, Terran Infantry Weapons Level 2, Terran Vehicle Armor Level 2, Protoss Air Weapons Level 2, Zerg Melee Weapons Level 2, Terran Vehicle Weapons Level 2, Protoss Ground Armor Level 2, Zerg Flyer Weapons Level 2, Protoss Ground Weapons Level 2, Terran Infantry Armor Level 2, Zerg Flyer Armor Level 2, Protoss Air Armor Level 2, Zerg Missile Weapons Level 2, Terran Ship Armor Level 2  
    0:37  Blink, Stimpack  
    0:44  Warp Gate, Protoss Air Armor Level 1, Terran Infantry Armor Level 1, Terran Vehicle Armor Level 1, Zerg Flyer Weapons Level 1, Terran Infantry Weapons Level 1, Zerg Melee Weapons Level 1, Terran Vehicle Weapons Level 1, Zerg Flyer Armor Level 1, Zerg Ground Armor Level 1, Protoss Shields Level 1, Zerg Missile Weapons Level 1, Protoss Ground Armor Level 1, Terran Ship Weapons Level 1, Protoss Air Weapons Level 1, Protoss Ground Weapons Level 1, Terran Ship Armor Level 1  
    0:58  Charge, Building Armor, Extended Thermal Lance, Resonating Glaives  
    1:05  Ventral Sacs, Adrenal Glands  
    1:11  Enduring Locusts  
    1:12  Personal Cloaking  
    1:18  Psionic Storm  
    1:19  Glial Reconstitution, Metabolic Boost, Neural Parasite, Infernal Pre-Igniter, Chitinous Plating, Centrifical Hooks, Corvid Reactor, Neosteel Frame, Durable Materials, Cloaking Field, Combat Shields, Tunneling Claws  
    1:20  Zerg Missile Weapons Level 3, Terran Infantry Weapons Level 3, Protoss Shields Level 3, Terran Ship Armor Level 3, Terran Vehicle Armor Level 3, Protoss Air Armor Level 3, Zerg Flyer Armor Level 3, Zerg Ground Armor Level 3, Terran Infantry Armor Level 3, Zerg Flyer Weapons Level 3, Terran Ship Weapons Level 3, Terran Vehicle Weapons Level 3, Protoss Ground Weapons Level 3, Protoss Ground Armor Level 3, Protoss Air Weapons Level 3, Zerg Melee Weapons Level 3  
    1:27  Muscular Augments x2, Burrow  
    1:41  Hi-Sec Auto Tracking, Pathogen Glands, Graviton Catapult, Terran Infantry Weapons Level 2, Protoss Air Weapons Level 2, Terran Vehicle Weapons Level 2, Protoss Ground Armor Level 2, Moebius Reactor, Protoss Ground Weapons Level 2, Terran Infantry Armor Level 2, Terran Ship Armor Level 2, Zerg Ground Armor Level 2, Terran Ship Weapons Level 2, Protoss Shields Level 2, Terran Vehicle Armor Level 2, Caduceus Reactor, Zerg Melee Weapons Level 2, Gravitic Drive, Zerg Flyer Weapons Level 2, Zerg Flyer Armor Level 2, Protoss Air Armor Level 2, Zerg Missile Weapons Level 2, Behemoth Reactor, Observer Gravitic Boosters  
    1:49  Zerg Missile Weapons Level 3, Terran Infantry Weapons Level 3, Protoss Shields Level 3, Terran Ship Armor Level 3, Terran Vehicle Armor Level 3, Protoss Air Armor Level 3, Zerg Flyer Armor Level 3, Zerg Ground Armor Level 3, Terran Infantry Armor Level 3, Zerg Flyer Weapons Level 3, Terran Ship Weapons Level 3, Terran Vehicle Weapons Level 3, Protoss Ground Weapons Level 3, Protoss Ground Armor Level 3, Protoss Air Weapons Level 3, Zerg Melee Weapons Level 3  
    1:55  Concussive Shells, Pneumatized Carapace, Weapon Refit  
    1:56  Blink, Stimpack  
    2:03  Warp Gate, Protoss Air Armor Level 1, Terran Infantry Armor Level 1, Terran Vehicle Armor Level 1, Zerg Flyer Weapons Level 1, Terran Infantry Weapons Level 1, Zerg Melee Weapons Level 1, Terran Vehicle Weapons Level 1, Zerg Flyer Armor Level 1, Zerg Ground Armor Level 1, Protoss Shields Level 1, Zerg Missile Weapons Level 1, Protoss Ground Armor Level 1, Terran Ship Weapons Level 1, Protoss Air Weapons Level 1, Protoss Ground Weapons Level 1, Terran Ship Armor Level 1  
    2:10  Zerg Ground Armor Level 2, Terran Ship Weapons Level 2, Protoss Shields Level 2, Terran Infantry Weapons Level 2, Terran Vehicle Armor Level 2, Protoss Air Weapons Level 2, Zerg Melee Weapons Level 2, Terran Vehicle Weapons Level 2, Protoss Ground Armor Level 2, Zerg Flyer Weapons Level 2, Protoss Ground Weapons Level 2, Terran Infantry Armor Level 2, Zerg Flyer Armor Level 2, Protoss Air Armor Level 2, Zerg Missile Weapons Level 2, Terran Ship Armor Level 2  
    2:17  Charge, Building Armor, Extended Thermal Lance, Resonating Glaives  
    2:24  Ventral Sacs, Adrenal Glands  
    2:25  Blink, Stimpack  
    2:30  Enduring Locusts  
    2:31  Personal Cloaking  
    2:32  Warp Gate, Protoss Air Armor Level 1, Terran Infantry Armor Level 1, Terran Vehicle Armor Level 1, Zerg Flyer Weapons Level 1, Terran Infantry Weapons Level 1, Zerg Melee Weapons Level 1, Terran Vehicle Weapons Level 1, Zerg Flyer Armor Level 1, Zerg Ground Armor Level 1, Protoss Shields Level 1, Zerg Missile Weapons Level 1, Protoss Ground Armor Level 1, Terran Ship Weapons Level 1, Protoss Air Weapons Level 1, Protoss Ground Weapons Level 1, Terran Ship Armor Level 1  
    2:37  Psionic Storm  
    2:38  Glial Reconstitution, Metabolic Boost, Neural Parasite, Infernal Pre-Igniter, Tunneling Claws, Chitinous Plating, Centrifical Hooks, Unknown x5, Neosteel Frame, Durable Materials, Cloaking Field, Combat Shields, Corvid Reactor  
    2:46  Muscular Augments x2, Burrow, Charge, Building Armor, Extended Thermal Lance, Resonating Glaives  
    2:53  Ventral Sacs, Adrenal Glands  
    2:59  Enduring Locusts  
    3:00  Hi-Sec Auto Tracking, Gravitic Drive, Graviton Catapult, Personal Cloaking, Moebius Reactor, Caduceus Reactor, Behemoth Reactor, Pathogen Glands, Observer Gravitic Boosters  
    3:06  Psionic Storm  
    3:07  Glial Reconstitution, Metabolic Boost, Neural Parasite, Infernal Pre-Igniter, Chitinous Plating, Centrifical Hooks, Corvid Reactor, Neosteel Frame, Durable Materials, Cloaking Field, Combat Shields, Tunneling Claws  
    3:12  Zerg Missile Weapons Level 3, Terran Infantry Weapons Level 3, Protoss Shields Level 3, Terran Ship Armor Level 3, Terran Vehicle Armor Level 3, Protoss Air Armor Level 3, Zerg Flyer Armor Level 3, Zerg Ground Armor Level 3, Terran Infantry Armor Level 3, Zerg Flyer Weapons Level 3, Terran Ship Weapons Level 3, Terran Vehicle Weapons Level 3, Protoss Ground Weapons Level 3, Protoss Ground Armor Level 3, Protoss Air Weapons Level 3, Zerg Melee Weapons Level 3  
    3:14  Concussive Shells, Pneumatized Carapace, Weapon Refit  
    3:15  Muscular Augments x2, Burrow  
    3:29  Hi-Sec Auto Tracking, Gravitic Drive, Graviton Catapult, Moebius Reactor, Caduceus Reactor, Behemoth Reactor, Pathogen Glands, Observer Gravitic Boosters  
    3:33  Zerg Ground Armor Level 2, Terran Ship Weapons Level 2, Protoss Shields Level 2, Terran Infantry Weapons Level 2, Terran Vehicle Armor Level 2, Protoss Air Weapons Level 2, Zerg Melee Weapons Level 2, Terran Vehicle Weapons Level 2, Protoss Ground Armor Level 2, Zerg Flyer Weapons Level 2, Protoss Ground Weapons Level 2, Terran Infantry Armor Level 2, Zerg Flyer Armor Level 2, Protoss Air Armor Level 2, Zerg Missile Weapons Level 2, Terran Ship Armor Level 2  
    3:43  Concussive Shells, Pneumatized Carapace, Weapon Refit  
    3:48  Blink, Stimpack  
    3:55  Warp Gate, Protoss Air Armor Level 1, Terran Infantry Armor Level 1, Terran Vehicle Armor Level 1, Zerg Flyer Weapons Level 1, Terran Infantry Weapons Level 1, Zerg Melee Weapons Level 1, Terran Vehicle Weapons Level 1, Zerg Flyer Armor Level 1, Zerg Ground Armor Level 1, Protoss Shields Level 1, Zerg Missile Weapons Level 1, Protoss Ground Armor Level 1, Terran Ship Weapons Level 1, Protoss Air Weapons Level 1, Protoss Ground Weapons Level 1, Terran Ship Armor Level 1  
    3:57  Unknown x5  
    4:09  Charge, Building Armor, Extended Thermal Lance, Resonating Glaives  
    4:16  Ventral Sacs, Adrenal Glands  
    4:22  Enduring Locusts  
    4:23  Personal Cloaking  
    4:26  Unknown x5  
    4:29  Psionic Storm  
    4:30  Glial Reconstitution, Metabolic Boost, Neural Parasite, Infernal Pre-Igniter, Chitinous Plating, Centrifical Hooks, Corvid Reactor, Neosteel Frame, Durable Materials, Cloaking Field, Combat Shields, Tunneling Claws  
    4:34  Overlord  
    4:38  Muscular Augments x2, Burrow  
    4:40  Drone x12  
    4:52  Hi-Sec Auto Tracking, Gravitic Drive, Pathogen Glands, Graviton Catapult, Moebius Reactor, Caduceus Reactor, Behemoth Reactor, Unknown, Observer Gravitic Boosters  
  12  4:55  Drone  
  13  5:04  Drone  
  13  5:06  Concussive Shells, Pneumatized Carapace, Weapon Refit  
  14  5:11  Overlord  
  14  5:29  Drone x2  
  14  5:30  Drone  
  17  5:39  Spawning Pool  
  17  5:48  Overlord  
  17  5:49  Unknown x5  
  17  5:54  Drone x12  
    6:06  Unknown  
    6:08  Drone  
  13  6:14  Drone  
  13  6:15  Zerg Missile Weapons Level 3, Terran Infantry Weapons Level 3, Protoss Shields Level 3, Terran Ship Armor Level 3, Terran Vehicle Armor Level 3, Protoss Air Armor Level 3, Zerg Flyer Armor Level 3, Zerg Ground Armor Level 3, Terran Infantry Armor Level 3, Zerg Flyer Weapons Level 3, Terran Ship Weapons Level 3, Terran Vehicle Weapons Level 3, Protoss Ground Weapons Level 3, Protoss Ground Armor Level 3, Protoss Air Weapons Level 3, Zerg Melee Weapons Level 3  
  14  6:23  Overlord  
  14  6:36  Zerg Ground Armor Level 2, Terran Ship Weapons Level 2, Protoss Shields Level 2, Terran Infantry Weapons Level 2, Terran Vehicle Armor Level 2, Protoss Air Weapons Level 2, Zerg Melee Weapons Level 2, Terran Vehicle Weapons Level 2, Protoss Ground Armor Level 2, Zerg Flyer Weapons Level 2, Protoss Ground Weapons Level 2, Terran Infantry Armor Level 2, Zerg Flyer Armor Level 2, Protoss Air Armor Level 2, Zerg Missile Weapons Level 2, Terran Ship Armor Level 2  
  14  6:41  Drone x2  
  14  6:42  Drone  
  17  6:51  Blink, Stimpack  
  17  6:53  Spawning Pool  
  16  6:58  Warp Gate, Protoss Air Armor Level 1, Terran Infantry Armor Level 1, Terran Vehicle Armor Level 1, Zerg Flyer Weapons Level 1, Terran Infantry Weapons Level 1, Zerg Melee Weapons Level 1, Terran Vehicle Weapons Level 1, Zerg Flyer Armor Level 1, Zerg Ground Armor Level 1, Protoss Shields Level 1, Zerg Missile Weapons Level 1, Protoss Ground Armor Level 1, Drone, Terran Ship Weapons Level 1, Protoss Air Weapons Level 1, Protoss Ground Weapons Level 1, Terran Ship Armor Level 1  
  17  7:12  Charge, Building Armor, Extended Thermal Lance, Resonating Glaives  
  17  7:17  Hatchery  
  17  7:19  Ventral Sacs, Adrenal Glands  
  16  7:23  Overlord  
  16  7:25  Enduring Locusts  
  16  7:26  Personal Cloaking  
  16  7:32  Psionic Storm  
  16  7:33  Glial Reconstitution, Metabolic Boost, Neural Parasite, Infernal Pre-Igniter, Chitinous Plating, Centrifical Hooks, Corvid Reactor, Neosteel Frame, Durable Materials, Cloaking Field, Combat Shields, Tunneling Claws  
  16  7:40  Queen  
  16  7:41  Muscular Augments x2, Burrow  
  16  7:42  Zergling x4  
  16  7:43  Zergling x2  
  21  7:54  Drone  
  21  7:55  Hi-Sec Auto Tracking, Gravitic Drive, Graviton Catapult, Moebius Reactor, Caduceus Reactor, Behemoth Reactor, Pathogen Glands, Observer Gravitic Boosters  
  22  7:59  Extractor  
  21  8:07  Drone  
  21  8:09  Concussive Shells, Pneumatized Carapace, Weapon Refit  
  22  8:15  Drone  
  25  8:52  Unknown x5  
    9:01  Overlord  
    9:07  Drone x12  
    9:19  Unknown  
Tags
 
Composition
MMM Bio
League
Platinum
Matchup
TvZ
Opening
Pool First
Spawn Locations
Cross Positions
Strategy
Banshee Rush
Add a new tag
Caveats
  • Supply blocks, unpowered buildings, or Contaminate may cause inaccurate times.
  • Supply counts are checked every 10 seconds.